 Dungeon Crawl Stone Soup version 0.30-a0-629-gd54f4be4f7 (webtiles) character file.

Game seed: 10316025414424258622

27543 acebull12 the Brawler (level 13, -3/120 HPs)
             Began as a Troll Warper on Jan 12, 2023.
             Slain by a ten-headed hydra (4 damage)
             ... on level 3 of the Lair of Beasts.
             The game lasted 00:24:38 (9812 turns).

acebull12 the Brawler (Troll Warper)                Turns: 9812, Time: 00:24:38

Health: -3/120     AC: 17    Str: 26    XL:     13   Next: 4%
Magic:  16/16      EV: 17    Int:  9    God:
Gold:   867        SH:  0    Dex: 11    Spells: 15/17 levels left

rFire   . . .      SeeInvis .      - Unarmed
rCold   . . .      Faith    .    (no shield)
rNeg    . . .      Spirit   .    I - +0 acid dragon scales
rPois   +          Reflect  .    S - +1 hat
rElec   .          Harm     .    J - +2 cloak
rCorr   +          Rampage  .    (gloves unavailable)
Will    .....                    (boots unavailable)
Stlth   +                        (no amulet)
HPRegen 1.20/turn                g - +4 ring of protection
MPRegen 0.15/turn                z - ring "Esorikk" {rPois EV+5 Dex+2}

@: no status effects
A: large, unfitting armour, claws 3, regeneration 1, shaggy fur 1, tough skin 1
a: no special abilities


You were on level 3 of the Lair of Beasts.
You visited 4 branches of the dungeon, and saw 15 of its levels.

You collected 867 gold pieces.

Inventory:

Hand Weapons
 L - a +3 scimitar of flaming
Missiles
 c - 6 boomerangs of dispersal (quivered)
 e - 4 atropa-tipped darts
 f - 122 stones
 j - 5 silver javelins
 r - 3 large rocks
 C - 7 boomerangs
 G - 11 poisoned darts
Armour
 a - a +0 robe
 k - an orb of wrath
 I - +0 acid dragon scales (worn)
 J - a +2 cloak (worn)
 S - a +1 hat (worn)
Jewellery
 g - a +4 ring of protection (left claw)
 y - the dreamshard necklace {*Dream Drain}
   (You took it off an orc on level 5 of the Dungeon)

   [amulet of nothing]

   It shatters if its wearer takes lethal or near-lethal damage, preventing the
   blow and releasing protective dreams that heal and fight for the wearer.
   Drain:     It drains your maximum health when unequipped.
 z - the ring "Esorikk" (right claw) {rPois EV+5 Dex+2}
   (You found it on level 5 of the Dungeon)

   [ring of evasion]

   EV:        It affects your evasion (+5).
   Dex:       It affects your dexterity (+2).
   rPois:     It protects you from poison.
 F - a +6 ring of dexterity
 M - a ring of wizardry
 O - a ring of ice
 P - a ring of wizardry
 U - a ring of fire
 W - a ring of flight
 Y - a ring of see invisible
Wands
 h - a wand of digging (4)
 p - a wand of acid (8)
 D - a wand of paralysis (2)
 Q - a wand of iceblast (3)
 V - a wand of polymorph (7)
Scrolls
 i - a scroll of fear {unknown}
 l - 2 scrolls of butterflies {unknown}
 n - 2 scrolls of vulnerability
 q - a scroll of poison
 t - 2 scrolls of immolation {unknown}
 u - 2 scrolls of enchant weapon {unknown}
 w - 3 scrolls of teleportation
 E - a scroll of silence {unknown}
 K - a scroll of enchant armour {unknown}
 T - 3 scrolls of amnesia
 Z - 2 scrolls of fog
Potions
 b - 2 potions of might {unknown}
 d - a potion of heal wounds {unknown}
 m - 3 potions of haste {unknown}
 o - a potion of degeneration {unknown}
 v - 3 potions of curing
 x - 3 potions of lignification
 B - 2 potions of cancellation {unknown}
 H - a potion of berserk rage {unknown}
 N - a potion of magic {unknown}
 X - a potion of brilliance {unknown}


   Skills:
 * Level 6.1 Fighting
 + Level 0.9 Throwing
 + Level 4.1 Armour
 * Level 7.8 Dodging
 + Level 1.9 Stealth
 * Level 16.9 Unarmed Combat
 * Level 2.8 Spellcasting
 * Level 4.2 Translocations


You had 15 spell levels left.
You knew the following spells:

 Your Spells              Type           Power      Damage    Failure   Level
a - Blink                 Tloc           16%        N/A       10%         2

Your spell library contained the following spells:

 Spells                   Type           Power      Damage    Failure   Level
 Lesser Beckoning         Tloc           16%        N/A       19%         3
 Teleport Other           Tloc           8%         N/A       19%         3
 Freeze                   Ice            4%         1d3       36%         1
 Slow                     Hex            4%         N/A       36%         1
 Vhi's Electric Charge    Tloc/Air       10%        N/A       41%         3
 Kindle Blastsparks       Fire/Tloc/Air  6%         2d10      52%         3
 Manifold Assault         Tloc           8%         N/A       54%         4
 Confusing Touch          Hex            1%         N/A       73%         3
 Dazzling Flash           Conj/Hex       2%         N/A       73%         3
 Frozen Ramparts          Ice            2%         1d1       73%         3
 Hailstorm                Conj/Ice       1%         3d3       73%         3
 Ignite Poison            Fire/Tmut/Pois 1%         N/A       73%         3
 Vampiric Draining        Necr           1%         2d6       73%         3
 Ice Form                 Ice/Tmut       1%         N/A       98%         4
 Agony                    Necr           1%         N/A       100%        5
 Freezing Cloud           Conj/Ice/Air   0%         6-21      100%        5
 Silence                  Hex/Air        0%         N/A       100%        5
 Simulacrum               Ice/Necr       0%         N/A       100%        6


Dungeon Overview and Level Annotations

Branches:
Dungeon (10/15)            Temple (1/1) D:6            Lair (4/5) D:10
  Swamp (0/4) Lair:2       Spider (0/4) Lair:3        Slime (1/5) Lair:4
    Orc (0/2) D:10

Altars:
Ashenzari
Cheibriados
Dithmenos
Elyvilon
Fedhas
Gozag
Hepliaklqana
Kikubaaqudgha
Makhleb
Nemelex Xobeh
Okawaru
Qazlal
Ru
Sif Muna
Trog
Uskayaw
Vehumet
Wu Jian
Xom
Yredelemnul
Zin
The Shining One

Shops:
D:10 [

Annotations:
Lair:1 Harold


Innate Abilities, Weirdness & Mutations

You are too large for most types of armour.
You have claws for hands.
Your natural rate of healing is unusually fast.
You are covered in fur. (AC +1)
You have tough skin. (AC +1)


Message History

The eight-headed hydra is moderately wounded.
The eight-headed hydra bites you.
The eight-headed hydra bites you but does no damage.
The eight-headed hydra closely misses you. x3
The eight-headed hydra misses you.
The eight-headed hydra bites you but does no damage.
The eight-headed hydra bites you.
You claw one of the eight-headed hydra's heads off!
The seven-headed hydra grows two more!
You mangle the nine-headed hydra!!
The nine-headed hydra is severely wounded.
You barely miss the nine-headed hydra.
The nine-headed hydra is severely wounded.
The nine-headed hydra bites you but does no damage.
The nine-headed hydra completely misses you.
The nine-headed hydra barely misses you.
The nine-headed hydra misses you. The nine-headed hydra bites you! x3
* * * LOW HITPOINT WARNING * * *
The nine-headed hydra bites you!
* * * LOW HITPOINT WARNING * * *
The nine-headed hydra bites you.
* * * LOW HITPOINT WARNING * * *
You rip one of the nine-headed hydra's heads off!
The eight-headed hydra grows two more!
You scratch the ten-headed hydra.
The ten-headed hydra is heavily wounded.
The ten-headed hydra bites you but does no damage.
The ten-headed hydra misses you. x2; The ten-headed hydra bites you!
* * * LOW HITPOINT WARNING * * *
The ten-headed hydra bites you.
* * * LOW HITPOINT WARNING * * *
The ten-headed hydra barely misses you. The ten-headed hydra misses you. x2
The ten-headed hydra closely misses you.
The ten-headed hydra bites you but does no damage.
You completely miss the ten-headed hydra.
The ten-headed hydra is heavily wounded.
The ten-headed hydra bites you but does no damage.
The ten-headed hydra bites you.
* * * LOW HITPOINT WARNING * * *
The ten-headed hydra bites you but does no damage.
The ten-headed hydra barely misses you. The ten-headed hydra bites you.
You die...

...............# .......
..............###.......
...##.......P.P#......<#
..##.............P.#...###
.......................#...
.......†...................
............................
............................
..............>.@..........
................D..........
............###.#.......#
..............##.#......###.
...............#.~~~.~~~....
##..............~.~~.~~.~...
#..............~~.~.~.~~...
#..............~~~...~~~...
######.............>.......


You could see a ten-headed hydra.

Vanquished Creatures
  Gastronok (Lair:2)
  A hydra (Lair:4)
  A boulder beetle (D:9)
  A two-headed ogre (D:9)
  3 death yaks
  Pikel (D:8)
  A deep elf pyromancer (D:9)
  A manticore (D:9)
  4 elephants (Lair:4)
  2 black mambas (Lair:2)
  3 komodo dragons
  6 rime drakes
  12 cane toads
  2 efreet (D:9)
  2 polar bears
  A troll (D:9)
  3 blink frogs (Lair:2)
  5 wyverns
  A shadow (D:9)
  31 yaks
  2 basilisks
  3 steam dragons
  A vampire mosquito (D:9)
  2 acid dragons
  14 water moccasins
  3 ice beasts
  3 orc warriors
  3 black bears
  A swamp drake (Lair:2)
  11 wolves
  2 ogres (D:5)
  4 centaurs
  A lemure (D:8)
  3 kobold brigands
  A necrophage (D:5)
  7 bullfrogs
  A gnoll sergeant (D:9)
  6 scorpions
  A killer bee (D:9)
  A howler monkey (D:6)
  2 hounds (D:4)
  8 orc priests
  3 jellies
  A gnoll bouda (D:5)
  6 iguanas
  5 hell rats (Lair:4)
  6 orc wizards
  Robin (D:2)
  9 gnolls
  6 adders
  A white imp (D:5)
  3 ufetubi (D:5)
  2 worms (D:3)
  3 dart slugs
  40 orcs
  4 bats
  5 endoplasms
  3 giant cockroaches
  16 goblins
  8 hobgoblins
  5 jackals
  23 kobolds
  3 quokkas
  8 ball pythons
  5 frilled lizards
  A rat (D:2)
329 creatures vanquished.

Vanquished Creatures (others)
  A komodo dragon (Lair:2)
  A butterfly (D:5)
  39 fungi
  35 plants
76 creatures vanquished.

Grand Total: 405 creatures vanquished

Notes
Turn   | Place    | Note
-------+----------+-------------------------------------------
     0 | D:1      | acebull12 the Troll Warper began the quest for the Orb.
     0 | D:1      | Reached XP level 1. HP: 19/19 MP: 1/1
   103 | D:1      | Reached XP level 2. HP: 28/28 MP: 2/2
   405 | D:1      | Found a faded altar of an unknown god.
   871 | D:2      | Noticed Robin
   895 | D:1      | Reached XP level 3. HP: 18/35 MP: 3/3
   949 | D:2      | Killed Robin
   988 | D:2      | Reached skill level 3 in Unarmed Combat
  1066 | D:2      | Reached XP level 4. HP: 42/42 MP: 4/4
  1869 | D:3      | Learned a level 2 spell: Blink
  1983 | D:4      | Noticed a scorpion
  1989 | D:4      | Killed a scorpion
  1990 | D:4      | Reached skill level 4 in Unarmed Combat
  1990 | D:4      | Reached XP level 5. HP: 49/49 MP: 5/5
  2058 | D:4      | Found a shadowy altar of Dithmenos.
  2058 | D:4      | Found a blossoming altar of Fedhas.
  2323 | D:4      | Reached XP level 6. HP: 48/57 MP: 6/6
  2696 | D:5      | Entered Level 5 of the Dungeon
  2802 | D:4      | Reached skill level 5 in Unarmed Combat
  2870 | D:5      | Noticed a water moccasin
  2879 | D:5      | Killed a water moccasin
  2931 | D:5      | Reached XP level 7. HP: 59/66 MP: 7/7
  2985 | D:5      | Reached skill level 6 in Unarmed Combat
  2997 | D:5      | Found a white marble altar of Elyvilon.
  3015 | D:5      | Identified the ring "Esorikk" {rPois EV+5 Dex+2}
  3281 | D:5      | Reached skill level 7 in Unarmed Combat
  3311 | D:5      | Reached XP level 8. HP: 74/74 MP: 8/8
  3663 | D:6      | Found a hazy altar of Hepliaklqana.
  3724 | D:6      | Reached skill level 8 in Unarmed Combat
  3943 | D:6      | Found a staircase to the Ecumenical Temple.
  3950 | D:6      | Reached skill level 5 in Dodging
  3954 | Temple   | Entered the Ecumenical Temple
  4012 | D:6      | You fall into a shaft and drop 2 floors!
  4152 | D:8      | Reached skill level 9 in Unarmed Combat
  4345 | D:8      | Reached XP level 9. HP: 75/83 MP: 9/9
  4573 | D:8      | Noticed Pikel
  4585 | D:8      | Killed Pikel
  4586 | D:8      | Reached skill level 10 in Unarmed Combat
  4743 | D:9      | Reached skill level 11 in Unarmed Combat
  4746 | D:9      | Reached skill level 1 in Armour
  5007 | D:8      | Reached XP level 10. HP: 80/92 MP: 10/10
  5352 | D:9      | Reached skill level 12 in Unarmed Combat
  6022 | D:9      | Noticed a manticore
  6137 | D:9      | Killed a manticore
  6218 | D:9      | Noticed a boulder beetle
  6233 | D:9      | Killed a boulder beetle
  6244 | D:9      | Noticed a two-headed ogre
  6262 | D:9      | Killed a two-headed ogre
  6263 | D:9      | Reached skill level 5 in Fighting
  6263 | D:9      | Reached skill level 1 in Stealth
  6263 | D:9      | Reached skill level 13 in Unarmed Combat
  6400 | D:9      | Reached XP level 11. HP: 102/102 MP: 11/11
  6767 | D:9      | Noticed a deep elf pyromancer
  6781 | D:9      | Killed a deep elf pyromancer
  6989 | D:10     | Entered Level 10 of the Dungeon
  7060 | D:10     | Found Fiti's Antique Armour Shoppe.
  7079 | D:10     | Found a hide-covered altar of Uskayaw.
  7280 | D:10     | Found a staircase to the Orcish Mines.
  7332 | D:10     | Reached skill level 14 in Unarmed Combat
  7544 | D:10     | Found a staircase to the Lair.
  7558 | D:10     | Found an opulent altar of Gozag.
  7560 | D:10     | Found an ornate altar of the Wu Jian Council.
  7943 | Lair:1   | Entered Level 1 of the Lair of Beasts
  7948 | Lair:1   | Noticed Harold
  8109 | Lair:1   | Found a hide-covered altar of Uskayaw.
  8183 | Lair:1   | Noticed a death yak
  8184 | Lair:1   | Noticed a death yak
  8185 | Lair:1   | Noticed a death yak
  8254 | Lair:2   | Found a staircase to the Swamp.
  8282 | Lair:2   | Reached skill level 15 in Unarmed Combat
  8415 | Lair:2   | Reached XP level 12. HP: 113/113 MP: 13/13
  8553 | Lair:2   | Noticed Gastronok
  8565 | Lair:2   | Killed Gastronok
  8740 | Lair:3   | Found a hole to the Spider Nest.
  8743 | Lair:3   | Noticed a seven-headed hydra
  8831 | Lair:4   | Reached skill level 16 in Unarmed Combat
  9123 | Lair:4   | Found a runed translucent door.
  9130 | Lair:4   | Found a staircase to the Slime Pits.
  9143 | Slime:1  | Entered Level 1 of the Pits of Slime
  9143 | Slime:1  | Noticed a quicksilver ooze
  9271 | Lair:4   | Noticed a seven-headed hydra
  9289 | Lair:4   | Killed an 11-headed hydra
  9662 | Lair:4   | Noticed a death yak
  9663 | Lair:4   | Noticed a death yak
  9663 | Lair:4   | Noticed a death yak
  9663 | Lair:4   | Noticed a death yak
  9674 | Lair:4   | Killed a death yak
  9679 | Lair:4   | Killed a death yak
  9680 | Lair:4   | Reached XP level 13. HP: 55/120 MP: 16/16
  9692 | Lair:4   | HP: 5/120 [death yak (15)]
  9811 | Lair:3   | HP: 5/120 [ten-headed hydra (3)]
  9812 | Lair:3   | HP: 1/120 [ten-headed hydra (5)]
  9812 | Lair:3   | Slain by a ten-headed hydra

Illustrated notes

Levels and vault maps discovered:
D:1:      scummos_arrival_simple_crosswalls, layout_basic,
          shapermc_ecumenical_altar_notcrosses
D:2:      layout_basic, grunt_decor_one_mirror, minivault_4, uniq_robin
D:3:      layout_rooms
D:4:      layout_loops_ring, gammafunk_temple_overflow_wave
D:5:      layout_basic, nicolae_elyvilon_peaceful_grove, minmay_checkerbox
D:6:      layout_loops_ring, nicolae_overflow_crystal_walls,
          minmay_temple_entry_hall, kennysheep_flooded_box
D:8:      layout_basic, uniq_pikel
D:9:      hangedman_cross_veins, layout_stronghold, minmay_misc_feat_nine_boxes,
          minmay_puff
D:10:     layout_loops_ring, nicolae_uskayaw_dance_studio,
          nicolae_overflow_hidden_temple, due_lair_maze_entry_diamond,
          hiddenorc2_lemuel, serial_shops, nicolae_diamond_shop
Temple:   hellmonk_temple_of_storms
Lair:1:   layout_regular_city, basic_altar, grunt_megastairs_5,
          serial_bayou_shore_a, serial_bayou_shore_b, lemuel_fruit_fields,
          uniq_harold
Lair:2:   layout_regular_city, minmay_swamp_entry_reptiles, uniq_gastronok
Lair:3:   layout_hall_layers, spider_nest_entry_a, minivault_24
Lair:4:   layout_cave_pods, slime_entry_2, minmay_lair_drake_nest,
          grunt_megastairs_3
Slime:1:  layout_caves

Skill      XL: |  1  2  3  4  5  6  7  8  9 10 11 12 |
---------------+-------------------------------------+-----
Dodging        | 2 3 4 5 6 7 |  7.8
Unarmed Combat | 3 4 5 7 9 11 13 15 16 | 16.9
Fighting       | 2 3 4 5 6 |  6.1
Armour         | 1 3 4 |  4.1
Stealth        | 1 |  1.9
Translocations | 3 4 |  4.2
Spellcasting   | 2 |  2.8
Throwing       | |  0.9

Action                   |  1- 3 |  4- 6 |  7- 9 | 10-12 | 13-15 || total
-------------------------+-------+-------+-------+-------+-------++-------
Melee: Unarmed           |   116 |   149 |   251 |   608 |    23 ||  1147
       Punch             |     3 |     7 |     8 |    58 |     2 ||    78
Throw: Boomerang         |     1 |       |       |       |       ||     1
  Use: Scroll            |       |       |       |    11 |     1 ||    12
       Potion            |       |       |       |       |     1 ||     1
 Stab: Distracted        |       |       |       |     2 |       ||     2
Armor: Robe              |    75 |    72 |    32 |       |       ||   179
       Acid dragon scale |       |       |    25 |   158 |    34 ||   217
Dodge: Dodged            |    78 |    96 |   198 |   359 |    47 ||   778

Table legend: (Time is in decaauts)
 A = Elapsed time spent in this place.
 B = Non-inter-level travel time spent in this place.
 C = Inter-level travel time spent in this place.
 D = Time resting spent in this place.
 E = Time spent auto-exploring this place.
 F = Levels seen in this place.
 G = Mean time per level.
                   A        B        C        D        E       F      G
               +--------+--------+--------+--------+--------+-----+--------+
         Total |   9608 |   9056 |    552 |    789 |   5671 |  15 |  640.5 |
       Dungeon |   7791 |   7247 |    544 |    539 |   4962 |   9 |  865.7 |
        Temple |     40 |     34 |      6 |      0 |     22 |   1 |   40.0 |
          Lair |   1775 |   1773 |      2 |    250 |    687 |   4 |  443.8 |
    Slime Pits |      1 |      1 |      0 |      0 |      0 |   1 |    1.0 |
               +--------+--------+--------+--------+--------+-----+--------+

Top non-repeatable levels by time:
     D:9: 1683 daAuts
     D:8: 1239 daAuts
    D:10: 921 daAuts
     D:1: 898 daAuts
     D:4: 885 daAuts
  Lair:4: 883 daAuts
     D:5: 754 daAuts
     D:2: 608 daAuts
     D:3: 462 daAuts
  Lair:2: 460 daAuts
     D:6: 336 daAuts
  Lair:1: 292 daAuts
  Lair:3: 139 daAuts
  Temple: 40 daAuts
 Slime:1: 1 daAuts
